 Dungeon Crawl Stone Soup version 0.31.0-12-g77e489cdc1 (webtiles) character file.

Game seed: 2557284387718584179

207 Tovical the Slasher (level 5, -3/32 HPs)
             Began as a Tengu Reaver on Mar 3, 2024.
             Incinerated by a bombardier beetle (5 damage)
             ... with a burning spray
             ... on level 4 of the Dungeon.
             The game lasted 00:08:23 (2252 turns).

Tovical the Slasher (Tengu Reaver)                  Turns: 2252, Time: 00:08:24

Health: -3/32      AC:  7    Str: 14    XL:     5   Next: 85%
Magic:  9/9        EV: 28    Int: 14    God:
Gold:   115        SH:  0    Dex: 17    Spells: 7/8 levels left

rFire   . . .        p - +10 dagger of the Spectre {pain, rN++ rCorr Dex+5}
rCold   . . .        (no shield)
rNeg    + + .        b - +0 leather armour
rPois   .            (helmet restricted)
rElec   .            d - +0 cloak
rCorr   +            k - +2 pair of gloves
SInv    +            (boots unavailable)
Will    .....        (no amulet)
Stlth   +            c - ring of see invisible
HPRegen 0.25/turn    (no ring)
MPRegen 0.11/turn

%: acrobat
@: on fire, acrobatic, glowing
A: beak, talons 3, acrobatic, no potion heal 1
a: no special abilities


You were on level 4 of the Dungeon.
You visited 1 branch of the dungeon, and saw 4 of its levels.

You collected 115 gold pieces.

Inventory:

Hand Weapons
 p - the +10 dagger of the Spectre (weapon) {pain, rN++ rCorr Dex+5}
   (You found it on level 2 of the Dungeon)

   Dex+5:     It affects your dexterity (+5).
   rN++:      It greatly protects you from negative energy.
   rCorr:     It protects you from acid and corrosion.
Missiles
 l - 11 javelins (quivered)
Armour
 b - a +0 leather armour (worn)
 d - a +0 cloak (worn)
 k - a +2 pair of gloves (worn)
Jewellery
 c - a ring of see invisible (left hand)
Potions
 e - 2 potions of might
 g - a potion of brilliance {unknown}
 h - a potion of degeneration {unknown}
 i - a potion of enlightenment {unknown}
 m - a potion of heal wounds {unknown}
 q - a potion of curing {unknown}


   Skills:
 + Level 3.6 Fighting
 + Level 1.1(3.0) Short Blades
 - Level 4.4(4.5) Long Blades
 + Level 4.0 Dodging
 - Level 2.0 Spellcasting
 - Level 4.0 Conjurations
 + Level 1.1 Necromancy


You had 7 spell levels left.
You knew the following spells:

 Your Spells              Type           Power      Damage    Failure   Level
a - Kiss of Death         Conj/Necr      32%        2d7       11%         1

Your spell library contained the following spells:

 Spells                   Type           Power      Damage    Failure   Level
 Necrotise                Necr           16%        1d4       19%         1
 Momentum Strike          Conj/Tloc      14%        3d8       21%         2
 Hailstorm                Conj/Ice       7%         3d5       36%         3
 Vampiric Draining        Necr           4%         2d6       50%         3
 Martyr's Knell           Necr/Summ      3%         N/A       94%         4
 Curse of Agony           Necr           4%         N/A       99%         5


Dungeon Overview and Level Annotations

Branches:
Dungeon (4/15)
 Temple: D:4-7

Altars:


Innate Abilities, Weirdness & Mutations

You have a beak for a mouth.
You have claws for feet.
You can magically evade attacks while moving or waiting.
Potions are less effective at restoring your health.


Message History

The dart slug is moderately wounded.
You puncture the dart slug! You peck the dart slug.
You kill the dart slug!
No target in view!
No target in view!
You now have 115 gold pieces (gained 14).
You see here a ball python corpse.
You see here a dart slug corpse.
A bombardier beetle comes into view.
A bombardier beetle is nearby!
You hit the bombardier beetle. Your kick misses the bombardier beetle.
The bombardier beetle is lightly wounded.
The bombardier beetle sprays incendiary fluid at you.
The burning spray hits you.
You are covered in liquid fire!
You hit the bombardier beetle. You claw the bombardier beetle.
Your peck misses the bombardier beetle.
The bombardier beetle is heavily wounded.
The liquid fire burns you!
You puncture the bombardier beetle!
You kill the bombardier beetle!
The liquid fire burns you!
Your base Short Blades skill increases to level 1!
Your Dodging skill increases to level 4!
Your Necromancy skill increases to level 1!
You are on fire!
The liquid fire burns you! The liquid fire burns you!
The liquid fire burns you! The liquid fire burns you!
The liquid fire burns you! The liquid fire burns you!
* * * LOW HITPOINT WARNING * * *
You shake off some of the fire as you move.
The liquid fire burns you!
* * * LOW HITPOINT WARNING * * *
It was a potion of mutation.
You feel extremely strange.
Your system partially rejects the healing effects of potions.
The liquid fire burns you!
You die...

#.#.## #.#..# #
#..#.#.#. #######.##.#
.# #... ....
#.......##.##.#
#...l#.#.
........##.#.# ###
#..#.....
.#.#.#..##..###..
...^...
......†...†..#.# #....
(#.#[#...###..######..#
................@...<.#
.#.#.#.#.#...#.#†#.#..#
......)#...........#..#
.#.#.#.......#.#.#.#.##
.......###.........#..
####..## #...#.#.#.##.
# ##.# #.........# # ##
.# #..##.....#
.####.#### ## ..


There were no monsters in sight!

Vanquished Creatures
  A bombardier beetle (D:4)
  Natasha (thrice) (D:2)
  2 adders
  An adder zombie (D:2)
  An adder skeleton (D:2)
  2 dart slugs
  2 ribbon worms
  4 orcs (D:3)
  3 bats
  A bat skeleton (D:2)
  7 endoplasms
  2 giant cockroaches (D:2)
  3 goblins
  6 hobgoblins
  5 jackals (D:3)
  A quokka (D:1)
  7 ball pythons
  A ball python skeleton (D:2)
  2 frilled lizards (D:1)
  3 kobolds
  A quokka simulacrum (D:2)
  A quokka skeleton (D:2)
  7 rats
  A butterfly (D:1)
67 creatures vanquished.

Notes
Turn   | Place    | Note
-------+----------+-------------------------------------------
     0 | D:1      | Tovical the Tengu Reaver began the quest for the Orb.
     0 | D:1      | Reached XP level 1. HP: 12/12 MP: 4/4
   117 | D:1      | Reached XP level 2. HP: 17/17 MP: 6/6
   513 | D:2      | Noticed Natasha
   529 | D:2      | Killed Natasha
   530 | D:2      | Reached XP level 3. HP: 13/22 MP: 7/7
   832 | D:2      | Reached XP level 4. HP: 27/27 MP: 8/8
  1109 | D:2      | Noticed Natasha
  1115 | D:2      | Killed Natasha
  1391 | D:2      | Noticed Natasha
  1396 | D:2      | Killed Natasha
  1397 | D:2      | Reached XP level 5. HP: 19/32 MP: 9/9
  1607 | D:2      | Identified the +10 dagger of the Spectre {pain, rN++ rCorr
                  | Dex+5}
  2245 | D:4      | Reached skill level 1 in Short Blades
  2245 | D:4      | Reached skill level 1 in Necromancy
  2252 | D:4      | Gained mutation: Potions are less effective at restoring
                  | your health. [potion of mutation]
  2252 | D:4      | Incinerated by a bombardier beetle

Illustrated notes

Levels and vault maps discovered:
D:1:      spicycebolla_arrival_clurvy, layout_rooms, hangedman_glass_teeth
D:2:      layout_basic, dilly_guarded_unrand_morg
D:3:      layout_basic
D:4:      layout_loops_ring, mainiacjoe_overflow_alcove_3,
          ebering_ghost_inner_flame, serial_co_window_serial, co_window_paths_a,
          co_window_paths_a, co_window_paths_a, co_window_paths_b,
          co_window_corner_a, co_window_paths_a, co_window_paths_b,
          co_window_corner_cb, co_window_corner_cb, co_window_2corner,
          co_window_unsneaky_path_a, co_window_paths_c, co_window_4corner_b,
          glass_columns_a, glass_columns_b, glass_columns_b, glass_columns_c,
          glass_columns_a

Skill      XL: |  1  2  3  4  5 |
---------------+----------------+-----
Dodging        | 3 4 |  4.0
Long Blades    | 4 |  4.4
Fighting       | 3 |  3.6
Short Blades   | 1 |  1.1
Necromancy     | 1 |  1.1
Spellcasting   | |  2.0
Conjurations   | |  4.0

Action                     |  1- 3 |  4- 6 || total
---------------------------+-------+-------++-------
  Melee: Falchion          |    80 |    35 ||   115
         Peck              |    11 |    10 ||    21
         Punch             |     2 |     2 ||     4
         Kick              |    14 |    24 ||    38
         Dagger            |       |    48 ||    48
  Throw: Javelin           |       |     5 ||     5
    Use: Scroll            |       |     6 ||     6
         Potion            |       |     1 ||     1
   Stab: Sleeping          |     1 |     1 ||     2
 Armour: Leather armour    |    31 |    24 ||    55
  Dodge: Dodged            |    54 |    60 ||   114
